 Seeded DCSS version 0.29.1-13-g9f3cf754e1 (webtiles) character file.

Game seed: 16245865983455551772 (custom seed)

56606 valliere the Arsonist (level 14, -12/116 HPs)
             Began as a Demigod Fire Elementalist on Jan 19, 2023.
             Shot with a bolt by a naga sharpshooter (27 damage)
             ... on level 1 of the Snake Pit.
             The game lasted 01:46:30 (22755 turns).

valliere the Arsonist (Demigod Fire Elementalist)  Turns: 22755, Time: 01:46:31

Health: -12/116    AC: 12    Str: 13    XL:     14   Next: 9%
Magic:  19/31      EV: 13    Int: 45    God:
Gold:   1012       SH:  0    Dex:  9    Spells: 17/31 levels left

rFire   + + +      SeeInvis .   c - staff of fire
rCold   . . .      Faith    .   (no shield)
rNeg    . . .      Spirit   .   I - +1 robe {Archmagi}
rPois   .          Reflect  .   R - +1 helmet
rElec   .          Harm     .   M - +1 cloak {Stlth+}
rCorr   .          Rampage  .   d - +1 pair of gloves of Fuiskor {rF++ Int+4 Dex-5}
Will    +....      Archmagi +   C - +0 pair of boots {Fly}
Stlth   ++++......              T - amulet of magic regeneration
HPRegen 0.29/turn               i - +6 ring of intelligence
MPRegen 0.62/turn               j - +6 ring of intelligence

@: flying
A: high MP 1, forlorn, divine attributes
a: no special abilities


You were on level 1 of the Snake Pit.
You visited 4 branches of the dungeon, and saw 18 of its levels.

You collected 1199 gold pieces.
You spent 187 gold pieces at shops.

Inventory:

Missiles
 L - 2 silver javelins
Armour
 a - a +0 robe
 d - the +1 pair of gloves of Fuiskor (worn) {rF++ Int+4 Dex-5}
   (You acquired it on level 1 of the Dungeon)

   Int:       It affects your intelligence (+4).
   Dex:       It affects your dexterity (-5).
   rF:        It greatly protects you from fire.
 e - the +1 ring mail of Dogmatism {rF+ Dex+2}
   (You acquired it on level 1 of the Dungeon)

   Dex:       It affects your dexterity (+2).
   rF:        It protects you from fire.
 C - a +0 pair of boots of flying (worn)
 E - a +2 hat
 I - a +1 robe of the Archmagi (worn)
 M - a +1 cloak of stealth (worn)
 R - a +1 helmet (worn)
Magical Staves
 c - a staff of fire (weapon)
Jewellery
 i - a +6 ring of intelligence (left hand)
 j - a +6 ring of intelligence (right hand)
 t - an amulet of regeneration
 y - a ring of ice
 K - a ring of ice
 O - a +6 ring of intelligence
 S - a ring of protection from cold
 T - an amulet of magic regeneration (around neck)
 W - a ring of fire
Wands
 o - a wand of roots (41)
 q - a wand of flame (129)
 G - a wand of charming (21)
 V - a wand of mindburst (11)
Scrolls
 h - 9 scrolls of teleportation
 l - 8 scrolls of identify
 m - 3 scrolls of enchant weapon {unknown}
 n - a scroll of torment {unknown}
 p - 2 scrolls of noise {unknown}
 s - 3 scrolls of immolation
 x - a scroll of silence {unknown}
 z - a scroll of butterflies {unknown}
 B - a scroll of acquirement
 D - 6 scrolls of amnesia
 F - 2 scrolls of poison
 J - 2 scrolls of magic mapping {unknown}
 N - 2 scrolls of enchant armour {unknown}
Potions
 b - 5 potions of degeneration
 f - a potion of might {unknown}
 g - 2 potions of flight
 k - 6 potions of lignification
 r - 9 potions of attraction
 u - 4 potions of berserk rage
 v - 8 potions of brilliance
 w - 4 potions of heal wounds
 A - 8 potions of curing
 H - a potion of cancellation {unknown}
 P - a potion of invisibility {unknown}
 Q - 2 potions of magic
 U - 2 potions of mutation {unknown}
 X - a potion of haste {unknown}


   Skills:
 + Level 8.3 Fighting
 - Level 10.0 Armour
 + Level 4.9 Dodging
 + Level 5.1 Stealth
 * Level 9.1 Spellcasting
 * Level 9.8 Conjurations
 + Level 3.8 Hexes
 + Level 4.5 Summonings
 * Level 10.1 Fire Magic
 + Level 4.3 Poison Magic
 + Level 4.4 Evocations


You had 17 spell levels left.
You knew the following spells:

 Your Spells              Type           Power      Damage    Failure   Level
a - Foxfire               Conj/Fire      100%       2x1d9     1%          1
b - Scorch                Fire           100%       2d10      1%          2
c - Flame Wave            Conj/Fire      100%       2d21      1%          4
d - Confusing Touch       Hex            70%        N/A       1%          3
e - Olgreb's Toxic Radia  Pois           73%        N/A       2%          4

Your spell library contained the following spells:

 Spells                   Type           Power      Damage    Failure   Level
 Sting                    Tmut/Pois      100%       1d8       1%          1
 Blink                    Tloc           60%        N/A       1%          2
 Ensorcelled Hibernation  Hex/Ice        100%       N/A       1%          2
 Poisonous Vapours        Pois/Air       100%       N/A       1%          2
 Conjure Flame            Conj/Fire      100%       6-21      1%          3
 Inner Flame              Hex/Fire       100%       N/A       1%          3
 Portal Projectile        Hex/Tloc       100%       N/A       1%          3
 Spider Form              Tmut/Pois      56%        N/A       1%          3
 Tukima's Dance           Hex            70%        N/A       1%          3
 Lesser Beckoning         Tloc           30%        N/A       4%          3
 Anguish                  Hex/Necr       27%        N/A       6%          4
 Summon Mana Viper        Hex/Summ       73%        N/A       7%          5
 Summon Forest            Summ/Tloc      29%        N/A       14%         5
 Yara's Violent Unravell  Hex/Tmut       27%        3d12      17%         5
 Summon Cactus Giant      Summ           37%        N/A       32%         6
 Blade Hands              Tmut           15%        N/A       36%         5
 Manifold Assault         Tloc           30%        N/A       36%         5
 Enfeeble                 Hex            35%        N/A       94%         7
 Chain Lightning          Conj/Air       38%        3d51      100%        9
 Fire Storm               Conj/Fire      64%        8d16      100%        9
 Shatter                  Erth           15%        3d15*     100%        9


Dungeon Overview and Level Annotations

Branches:
Dungeon (11/15)            Temple (0/1) D:5            Lair (5/5) D:8
  Swamp (1/4) Lair:3        Snake (1/4) Lair:2        Slime (0/5) Lair:4
    Orc: D:9-12

Shops:
D:3 [   D:4 *:[   D:7 =

Annotations:
D:11 exclusions: 2 doors and 2 hell knights


Innate Abilities, Weirdness & Mutations

You have an increased reservoir of magic. (+10% MP)
You shall have no god before yourself.
Your divine heritage dramatically boosts your attributes as you level up.


Message History

Casting: Foxfire (safe; 1% risk of failure)
Confirm with . or Enter, or press ? or * to list all spells.
You feel a strong surge of power!
You conjure some foxfire!
You feel sick.
You are no longer poisoned.
The naga sharpshooter shoots a bolt.
The bolt hits you!!
* * * LOW HITPOINT WARNING * * *
Unknown command.
Casting: Foxfire (safe; 1% risk of failure)
Confirm with . or Enter, or press ? or * to list all spells.
You feel a strong surge of power!
You conjure some foxfire!
The foxfire hits the naga sharpshooter!
The naga sharpshooter is lightly wounded.
The foxfire hits the naga sharpshooter.
The naga sharpshooter is lightly wounded.
The naga sharpshooter casts a spell.
The naga sharpshooter magically shoots a bolt.
The bolt hits you but does no damage.
The foxfire hits the naga sharpshooter but does no damage.
The naga sharpshooter is lightly wounded.
Casting: Foxfire (safe; 1% risk of failure)
Confirm with . or Enter, or press ? or * to list all spells.
You feel a strong surge of power!
You conjure some foxfire!
The foxfire hits the naga sharpshooter but does no damage.
The naga sharpshooter is lightly wounded.
Unknown command.
Casting: Foxfire (safe; 1% risk of failure)
Confirm with . or Enter, or press ? or * to list all spells.
You feel a strong surge of power!
You conjure some foxfire!
The foxfire hits the naga sharpshooter.
The naga sharpshooter is lightly wounded.
The foxfire hits the naga sharpshooter.
The naga sharpshooter is moderately wounded.
The foxfire hits the naga sharpshooter.
The naga sharpshooter is moderately wounded.
The foxfire hits the naga sharpshooter but does no damage.
The naga sharpshooter is moderately wounded.
The naga sharpshooter gestures wildly while chanting.
The naga sharpshooter magically shoots a bolt.
The bolt hits you!!
You die...

....#
.....#
......#
.......
....§..##
#.N.§§§.#
#..§§§v##
#..§§@v#
##..##§##
## #..##
##?.#
##.##
##.##
#..##
##..###
###..###


You could see a naga sharpshooter (ally target).

Vanquished Creatures
  Kirke (Lair:4)
  Fannar (D:10)
  4 hydras
  2 anacondas (Snake:1)
  3 two-headed ogres
  2 naga sharpshooters (Snake:1)
  Sonja (Lair:3)
  Amaemon (D:8)
  A goliath frog (Swamp:1)
  A lindwurm (Lair:5)
  17 elephants
  Joseph (D:8)
  A guardian serpent (Snake:1)
  2 black mambas
  An orange demon (D:8)
  7 cane toads
  3 rime drakes
  Psyche (D:8)
  7 komodo dragons
  An unseen horror (D:11)
  2 ice devils (Lair:1)
  A troll (D:10)
  2 bloated husks (Swamp:1)
  17 blink frogs
  2 tyrant leeches (Lair:3)
  6 hornets
  3 polar bears
  13 dream sheep
  Sigmund (D:5)
  2 shadows
  15 spriggans (Lair:5)
  A human (D:11)
  3 basilisks
  8 hogs
  8 wyverns
  45 yaks
  A steam dragon (D:7)
  8 nagas
  18 water moccasins
  A swamp drake (Lair:3)
  2 ice beasts
  3 orc warriors
  8 black bears
  An ogre (D:4)
  33 wolves
  4 boggarts (Lair:5)
  A phantom (D:6)
  4 centaurs
  5 kobold brigands
  9 bullfrogs
  2 necrophages
  A gnoll sergeant (D:11)
  6 scorpions
  11 wights
  5 killer bees
  2 electric eels (Snake:1)
  4 howler monkeys
  4 orc priests
  A jelly (shapeshifter) (D:11)
  A gnoll bouda (D:7)
  4 hounds
  An iron imp (D:4)
  Jessica (D:2)
  3 iguanas
  8 orc wizards
  Natasha (thrice) (D:3)
  4 hell rats (Lair:4)
  A hound skeleton (D:4)
  11 gnolls
  5 adders
  A white imp (D:5)
  A dart slug (D:5)
  27 orcs
  6 ball pythons
  3 bats
  8 endoplasms
  A giant cockroach (D:4)
  5 goblins
  8 hobgoblins
  31 kobolds
  4 quokkas
  3 frilled lizards
  7 rats
468 creatures vanquished.

Vanquished Creatures (collateral kills)
  A hydra (Lair:4)
  Maurice (D:8)
  An elephant (Lair:4)
  An orc wizard (D:8)
  2 orcs (D:8)
  5 foxfires
11 creatures vanquished.

Vanquished Creatures (others)
  1311 foxfires
  76 fungi
  133 plants
1520 creatures vanquished.

Grand Total: 1999 creatures vanquished

Notes
Turn   | Place    | Note
-------+----------+-------------------------------------------
     0 | D:1      | valliere the Demigod Fire Elementalist began the quest for
                  | the Orb.
     0 | D:1      | Reached XP level 1. HP: 14/14 MP: 5/5
    32 | D:1      | Reached skill level 1 in Conjurations
   130 | D:1      | Identified 3 scrolls of acquirement
   130 | D:1      | Acquired the +1 pair of gloves of Fuiskor {rF++ Int+4
                  | Dex-5}
   132 | D:1      | Acquired the +1 ring mail of Dogmatism {rF+ Dex+2}
   134 | D:1      | Acquired a staff of fire
   466 | D:1      | Reached XP level 2. HP: 22/22 MP: 1/7
  1493 | D:2      | Reached skill level 1 in Armour
  1493 | D:2      | Reached XP level 3. HP: 27/27 MP: 5/8
  1573 | D:2      | Learned a level 2 spell: Scorch
  1634 | D:2      | Noticed Jessica
  1639 | D:2      | Killed Jessica
  1640 | D:2      | Reached skill level 1 in Fighting
  2306 | D:3      | HP: 1/28 [orc priest/divine providence (14)]
  2307 | D:3      | Reached XP level 4. HP: 1/35 MP: 4/10
  2617 | D:3      | Found Ymmy Ciutu's Antique Armour Shoppe.
  2726 | D:3      | Reached XP level 5. HP: 41/41 MP: 9/11
  2748 | D:3      | Noticed Natasha
  2750 | D:3      | Killed Natasha
  2790 | D:3      | Noticed Natasha
  2799 | D:3      | Killed Natasha
  3082 | D:3      | Noticed Natasha
  3085 | D:3      | Killed Natasha
  3356 | D:4      | Noticed an ogre
  3360 | D:4      | Killed an ogre
  3361 | D:4      | Reached XP level 6. HP: 48/48 MP: 6/13
  3558 | D:4      | Found Koenoidu's Book Boutique.
  3718 | D:4      | Found Gamycsypi's Antique Armour Boutique.
  3727 | D:4      | Found Tuuwolaw's General Store.
  4464 | D:5      | Entered Level 5 of the Dungeon
  4481 | D:5      | Noticed Sigmund
  4484 | D:5      | Killed Sigmund
  4485 | D:5      | Reached XP level 7. HP: 56/56 MP: 6/15
  4970 | D:5      | Found a staircase to the Ecumenical Temple.
  6055 | D:6      | Reached skill level 5 in Armour
  6055 | D:6      | Reached XP level 8. HP: 63/63 MP: 3/16
  6511 | D:3      | Bought a pair of embroidered boots for 187 gold pieces
  7439 | D:7      | Reached skill level 5 in Fire Magic
  7770 | D:7      | Found Dackej's Jewellery Shoppe.
  8085 | D:7      | Reached XP level 9. HP: 67/72 MP: 6/19
  8761 | D:8      | Learned a level 4 spell: Flame Wave
  8857 | D:8      | Reached skill level 5 in Conjurations
  8868 | D:8      | Noticed Joseph
  8932 | D:8      | Noticed Psyche
  9038 | D:8      | Reached skill level 5 in Fighting
  9038 | D:8      | Reached skill level 5 in Spellcasting
  9198 | D:9      | Noticed a two-headed ogre
  9203 | D:9      | Killed a two-headed ogre
  9436 | D:9      | Reached XP level 10. HP: 68/81 MP: 0/21
  9615 | D:9      | Noticed a two-headed ogre
  9633 | D:9      | Killed a two-headed ogre
 10150 | D:10     | Entered Level 10 of the Dungeon
 10158 | D:10     | Upgraded the game from 0.29.1-12-g30fa7ad0bf to
                  | 0.29.1-13-g9f3cf754e1
 10462 | D:10     | Noticed Fannar
 11294 | D:10     | Killed Fannar
 12231 | D:11     | Noticed a two-headed ogre
 12238 | D:11     | Killed a two-headed ogre
 12239 | D:11     | Reached XP level 11. HP: 91/91 MP: 16/24
 12348 | D:11     | Noticed a hell knight
 12478 | D:11     | Learned a level 3 spell: Confusing Touch
 13028 | D:8      | Killed Psyche
 13038 | D:8      | Killed Joseph
 13179 | D:8      | Noticed Maurice
 13193 | D:8      | Killed Maurice
 13373 | D:8      | Reached skill level 10 in Armour
 13494 | D:8      | Noticed Amaemon
 13635 | D:8      | Killed Amaemon
 13727 | D:8      | Found a staircase to the Lair.
 13867 | Lair:1   | Entered Level 1 of the Lair of Beasts
 14121 | Lair:1   | Reached skill level 1 in Summonings
 14121 | Lair:1   | Reached skill level 1 in Poison Magic
 14549 | Lair:1   | Reached skill level 1 in Evocations
 15138 | Lair:2   | Found a staircase to the Snake Pit.
 15339 | Lair:2   | Reached XP level 12. HP: 100/100 MP: 8/27
 15486 | Lair:1   | Learned a level 4 spell: Olgreb's Toxic Radiance
 16324 | Snake:1  | Entered Level 1 of the Snake Pit
 16405 | Lair:3   | Reached skill level 1 in Hexes
 16433 | Lair:3   | Found a staircase to the Swamp.
 16433 | Lair:3   | Noticed Sonja
 16442 | Lair:2   | HP: 5/100 [poisoned by Sonja (curare-tipped dart)]
 16864 | Lair:3   | Killed Sonja
 17681 | Lair:4   | Noticed a five-headed hydra
 17684 | Lair:4   | Noticed a four-headed hydra
 18346 | Lair:4   | Killed a four-headed hydra
 18644 | Lair:4   | Reached XP level 13. HP: 57/107 MP: 20/29
 19550 | Lair:4   | Found a staircase to the Slime Pits.
 19629 | Lair:4   | Noticed Kirke
 19638 | Lair:4   | Killed Kirke
 19718 | Lair:5   | Entered Level 5 of the Lair of Beasts
 21046 | Lair:5   | Reached skill level 5 in Stealth
 21565 | Swamp:1  | Entered Level 1 of the Swamp
 21852 | Swamp:1  | Noticed a bunyip
 21861 | Lair:3   | Reached skill level 10 in Fire Magic
 22119 | Snake:1  | Reached XP level 14. HP: 46/115 MP: 21/31
 22755 | Snake:1  | Shot with a bolt by a naga sharpshooter

Illustrated notes

Levels and vault maps discovered:
D:1:      minmay_arrival_hallway, layout_loops_corners, basic_ecumenical_altar,
          minmay_unequal
D:2:      layout_loops_ring, uniq_jessica
D:3:      layout_basic, serial_shops, nicolae_shop_advertising_works
          [nicolae_subvault_shop_adworks], minmay_shallow_snake_nest,
          uniq_natasha
D:4:      layout_rooms, grunt_dithmenos_smoke_and_mirrors,
          makhleb_blood_cavern_becter, slow_altar_1, serial_shops,
          nicolae_square_shop, nicolae_shop_temple_entry_statues_fountains,
          kennysheep_mini_moat, chequers_serial_rivers_large_a,
          minmay_fractal_squares_gapless_5
D:5:      layout_layer_cave, mainiacjoe_overflow_cross_hatched,
          lemuel_temple_firewalk_b, uniq_sigmund
D:6:      layout_basic
D:7:      layout_basic, nicolae_hepliaklqana_hazy_memory, serial_shops,
          nicolae_stop_n_shop_2
D:8:      layout_basic, nicolae_qazlal_style_of_elements,
          grunt_lair_entry_orc_guard_hut, uniq_amaemon, uniq_psyche,
          uniq_joseph, uniq_maurice
D:9:      layout_roguey, nicolae_overflow_crystal_walls,
          gammafunk_temple_overflow_claw
D:10:     layout_loops_ring, uniq_fannar
D:11:     layout_long_grid, grunt_livestock, kennysheep_island_fort
Lair:1:   layout_loops_ring, portal_ice_cave_demonic_guard, grunt_megastairs_2
Lair:2:   layout_roguey, guppyfry_snake_entry_island
Lair:3:   layout_cave_shapes, minmay_swamp_entry_reptiles, uniq_sonja
Lair:4:   layout_roguey, slime_entry_1, grunt_megastairs_3, uniq_kirke
Lair:5:   minmay_lair_end_enchanted_forest, layout_long_grid,
          infiniplex_staircase_pool_2
Swamp:1:  layout_basic_swamp, infiniplex_staircase_pool
Snake:1:  layout_onion_interference, serial_bayou_lake_a, serial_bayou_shore_a

Skill      XL: |  1  2  3  4  5  6  7  8  9 10 11 12 13 |
---------------+----------------------------------------+-----
Conjurations   | 1 2 3 4 5 6 7 8 9 |  9.8
Spellcasting   | 2 3 4 5 6 7 8 9 |  9.1
Armour         | 1 2 3 4 5 6 7 9 10 | 10.0
Fighting       | 1 2 3 4 5 6 7 8 |  8.3
Fire Magic     | 3 4 5 6 7 8 9 10 | 10.1
Dodging        | 2 3 4 |  4.9
Stealth        | 2 4 5 |  5.1
Summonings     | 1 3 4 |  4.5
Poison Magic   | 1 3 4 |  4.3
Evocations     | 1 3 4 |  4.4
Hexes          | 2 3 |  3.8

Action                   |  1- 3 |  4- 6 |  7- 9 | 10-12 | 13-15 || total
-------------------------+-------+-------+-------+-------+-------++-------
Melee: Staff             |    10 |    25 |     5 |    64 |       ||   104
       Punch             |       |       |     1 |       |       ||     1
Throw: Javelin           |       |       |       |     2 |       ||     2
 Cast: Foxfire           |    55 |    75 |   148 |   255 |   210 ||   743
       Scorch            |       |    12 |    81 |   220 |   149 ||   462
       Flame Wave        |       |       |     2 |    32 |    19 ||    53
       Confusing Touch   |       |       |       |     5 |       ||     5
       Olgreb's Toxic Ra |       |       |       |    10 |     3 ||    13
Evoke: Wand              |       |       |       |    13 |       ||    13
  Use: Scroll            |     3 |       |     6 |    11 |     1 ||    21
       Potion            |       |       |     1 |     1 |       ||     2
Armor: Robe              |     8 |       |       |   120 |    56 ||   184
       Ring mail         |     1 |    11 |    22 |    36 |       ||    70
Dodge: Dodged            |     6 |    12 |    38 |   151 |    86 ||   293
